 Dungeon Crawl Stone Soup version 0.17-a0-2027-gcac42c4 (webtiles) character file.

168 Ijustatesigmund the Sneak (level 5, -7/33 HPs)
             Began as an Octopode Transmuter on Oct 10, 2015.
             Mangled by an orc
             ... wielding a +0 trident
              (8 damage)
             ... on level 3 of the Dungeon.
             The game lasted 00:09:05 (3844 turns).

Ijustatesigmund the Sneak (Octopode Transmuter)     Turns: 3844, Time: 00:09:05

Health: -7/33      AC:  1    Str:  9    XL:     5   Next: 49%
Magic:  8/8        EV: 18    Int: 17    God:
Gold:   125        SH:  0    Dex: 17    Spells: 3 memorised, 2 levels left

rFire  . . .     SeeInvis .     h - +0 short sword
rCold  . . .     Clarity  .     (no shield)
rNeg   . . .     SustAt   .     (helmet restricted)
rPois  .         Gourm    .     (no amulet)
rElec  .         Spirit   .     (no ring)
rCorr  .         Warding  .     (no ring)
rMut   .         Stasis   .     (no ring)
MR     .....                    (no ring)
Stlth  +++++.....               (no ring)
                                (no ring)
                                (no ring)
                                (no ring)

@: agile, not resistant to hostile enchantments, quite stealthy
A: almost no armour, amphibious, 8 rings, constrict 8, camouflage 1, gelatinous
body 1
a: no special abilities


You were on level 3 of the Dungeon.
You were hungry.

You visited 1 branch of the dungeon, and saw 3 of its levels.

You collected 125 gold pieces.

Inventory:

Hand Weapons
 h - a +0 short sword (weapon)
Missiles
 a - 49 arrows
Armour
 f - a +0 buckler
Wands
 d - a wand of confusion (21)
 i - a wand of fire (10)
Books
 b - a book of Changes

   Spells                             Type                      Level
   a - Beastly Appendage              Transmutation                1
   b - Sticks to Snakes               Transmutation                2
   c - Spider Form                    Transmutation/Poison         3
   d - Ice Form                       Ice/Transmutation            4
   e - Blade Hands                    Transmutation                5
Comestibles
 c - 3 bread rations
 g - a beef jerky


   Skills:
 - Level 1.0 Fighting
 + Level 2.0 Short Blades
 - Level 2.0 Dodging
 + Level 5.3 Stealth
 - Level 3.0 Unarmed Combat
 - Level 2.0 Spellcasting
 + Level 3.0 Transmutations
 + Level 0.5 Poison Magic


You had 2 spell levels left.
You knew the following spells:

 Your Spells              Type           Power        Failure   Level  Hunger
a - Beastly Appendage     Trmt           ##....       6%          1    #......
b - Sticks to Snakes      Trmt           ##........   10%         2    ###....
c - Spider Form           Trmt/Pois      #.........   30%         3    ###....


Dungeon Overview and Level Annotations

Branches:
Dungeon (3/15)

Altars:


Innate Abilities, Weirdness & Mutations

You cannot wear most types of armour.
You are amphibious.
You can wear up to eight rings at the same time.
You can use your tentacles to constrict eight enemies at once.
Your skin changes colour to match your surroundings (Stealth).
Your rubbery body absorbs attacks (AC +1).


Message History

You feel agile all of a sudden.
You constrict the orc. The orc completely misses you.
A hobgoblin comes into view. It is wielding a club.
You are too injured to fight recklessly!
You hit the orc. You squeeze the orc.
You kill the orc!
You hit the orc. Your grab misses the orc.
The orc is almost dead.
The orc hits you from afar with a trident.
* * * LOW HITPOINT WARNING * * *
The orc barely misses you.
You barely miss the orc. Your grab misses the orc.
The orc is almost dead.
The orc closely misses you. The orc barely misses you.
You closely miss the orc. You grab the orc.
The orc is almost dead.
You constrict the orc.
You kill the orc!
The orc hits you from afar with a trident!
You die...

.#
#.##........#
#.# ##
#.##.#####..#
#.# #.##.#
#..# #.#
#.##.#####..##
#.#
#............
..#
####.#####..##
### #.# #.o.
#####.#####g##
#.........@.#
#.###.#######
#.# #.# #.#
#.# #.# #.#
#.# #.# #.#
#<### ## #.#
#...# .# #.#
###>#


You could see an orc and a hobgoblin.

Vanquished Creatures
  A scorpion (D:3)
  Robin (D:2)
  An adder (D:2)
  2 worms (D:2)
  2 giant geckos (D:1)
  6 orcs (D:3)
  A ball python (D:3)
  4 giant cockroaches
  9 hobgoblins
  7 bats
  6 giant newts
  22 goblins
  8 jackals
  10 kobolds
  5 rats
85 creatures vanquished.

Vanquished Creatures (collateral kills)
  An orc (D:3)
1 creature vanquished.

Grand Total: 86 creatures vanquished

Notes
Turn   | Place    | Note
--------------------------------------------------------------
     0 | D:1      | Ijustatesigmund the Octopode Transmuter began the quest for the Orb.
     0 | D:1      | Reached XP level 1. HP: 13/13 MP: 3/3
   102 | D:1      | Reached skill level 1 in Stealth
   128 | D:1      | Reached XP level 2. HP: 8/18 MP: 5/5
   132 | D:1      | Learned a level 2 spell: Sticks to Snakes
   805 | D:1      | Reached XP level 3. HP: 15/23 MP: 6/6
  1623 | D:2      | Reached skill level 1 in Short Blades
  1893 | D:2      | Reached skill level 4 in Stealth
  2062 | D:2      | Reached XP level 4. HP: 26/28 MP: 7/7
  2215 | D:2      | Noticed Robin
  2604 | D:2      | Killed Robin
  3347 | D:3      | Reached skill level 5 in Stealth
  3347 | D:3      | Reached XP level 5. HP: 24/33 MP: 8/8
  3352 | D:3      | Learned a level 3 spell: Spider Form
  3552 | D:3      | Found a faded altar to an unknown god.
  3842 | D:3      | HP: 1/33 [orc/trident (3)]
  3844 | D:3      | Mangled by an orc

Vault maps used:
D:1:      dpeg_arrival_subterranean_lakeside_camping
D:2:      uniq_robin
D:3:      gammafunk_temple_overflow_elements, first_bread, ecumenical_altar_1,
          grunt_decor_one_mirror

Action                   |  1- 3 |  4- 6 || total
-------------------------+-------+-------++-------
Melee: Unarmed           |    33 |       ||    33
       Short sword       |    64 |   103 ||   167
 Cast: Sticks to Snakes  |       |     4 ||     4
  Use: Scroll            |     4 |     3 ||     7
       Potion            |       |     5 ||     5
 Stab: Sleeping          |    11 |     5 ||    16
       Distracted        |       |     1 ||     1
  Eat: Chunk             |     3 |     4 ||     7
       Fruit             |       |     2 ||     2
